Map: Hecate LE

Players

DKZherO (herO)

  • Race: Protoss Protoss
  • Spawn Location: 7:00

LiquidClem (Clem) - Winner!

  • Race: Terran Terran
  • League: Master
  • Spawn Location: 1:00

VOD

Have the link to the VOD?

Description

Time

  • Played on: Dec. 11, 2023, 6:47 a.m.
  • Length: 5:48
Show
View Real Time Build Order
Export as new Build Order

DKZherO Protoss 

Build Orders:  

Get SALT Encoding   

  12  0:00  Probe  
  13  0:12  Probe  
  14  0:17  Pylon  
  14  0:24  Probe  
  15  0:35  Gateway  
  15  0:36  Probe  
  16  0:43  Assimilator  
  16  0:48  Probe  
  17  0:56  Pylon  
  17  1:01  Probe  
  18  1:13  Probe  
  18  1:15  Gateway  
  19  1:22  Cybernetics Core  
  19  1:29  Zealot  
  19  1:32  Probe  
  22  1:58  Stalker (Chrono Boost)  
  22  1:59  Adept (Chrono Boost)  
  24  2:02  Warp Gate (Chrono Boost)  
  26  2:10  Pylon  
  26  2:19  Stalker  
  28  2:23  Adept  
  30  2:49  Adept  
  30  2:53  Nexus  
  30  2:54  Probe  
  30  2:55  Adept  
  33  3:01  Assimilator  
  33  3:06  Probe  
  34  3:19  Adept  
  34  3:20  Probe  
  34  3:25  Adept  
  37  3:32  Probe  
  32  3:45  Probe  
  33  3:52  Robotics Facility  
  31  3:58  Probe (Chrono Boost)  
  31  4:01  Stalker  
  31  4:02  Stalker  
  36  4:05  Probe (Chrono Boost)  
  37  4:15  Probe x2 (Chrono Boost)  
  39  4:20  Probe (Chrono Boost)  
  39  4:21  Twilight Council  
  39  4:22  Probe  
  41  4:32  Probe  
  41  4:36  Gateway, Warp Prism (Chrono Boost)  
  44  4:48  Gateway  
  44  4:52  Gateway  
  44  5:02  Stalker, Zealot  
  48  5:09  Gateway  
  48  5:11  Pylon  
  48  5:13  Pylon  
  48  5:19  Probe x2  
  48  5:33  Zealot x3  
  50  5:42  Shield Battery  
Show
View Real Time Build Order
Export as new Build Order

LiquidClem Terran - Winner!

Build Orders: Cyclone Opening, Reaper Expand 

Get SALT Encoding   

  12  0:00  SCV  
  13  0:12  SCV  
  14  0:17  Supply Depot  
  14  0:24  SCV  
  15  0:39  SCV  
  15  0:40  Barracks  
  16  0:43  Refinery  
  16  0:51  SCV  
  17  1:03  SCV  
  18  1:15  SCV  
  19  1:27  Reaper  
  19  1:28  Orbital Command  
  20  1:39  Command Center  
  20  1:47  Supply Depot  
  20  1:54  SCV  
  20  1:59  Marine  
  22  2:06  SCV  
  23  2:11  Factory  
  23  2:13  Bunker  
  23  2:17  Marine  
  23  2:20  SCV  
  25  2:32  SCV, Refinery  
  25  2:35  Marine  
  28  2:44  SCV  
  28  2:51  Orbital Command  
  28  2:54  Marine  
  28  2:56  SCV, Cyclone  
  32  3:06  Starport  
  32  3:08  SCV  
  32  3:12  Marine  
  33  3:17  SCV  
  34  3:20  SCV  
  31  3:28  Cyclone  
  31  3:29  SCV  
  31  3:30  Marine  
  31  3:33  SCV  
  36  3:41  SCV  
  36  3:44  Starport Tech Lab  
  36  3:45  Supply Depot, SCV  
  38  3:49  Barracks Reactor  
  38  3:53  SCV  
  36  3:57  SCV  
  36  3:58  Barracks  
  37  4:03  Banshee  
  37  4:05  SCV  
  37  4:07  Cloaking Field  
  37  4:08  Factory Tech Lab  
  37  4:09  SCV  
  42  4:12  Supply Depot  
  42  4:17  SCV  
  42  4:21  SCV  
  44  4:25  Marine x2  
  44  4:27  Siege Tank  
  44  4:29  Supply Depot  
  44  4:30  SCV  
  50  4:33  SCV, Engineering Bay  
  50  4:37  Refinery  
  51  4:40  Barracks  
  51  4:43  SCV  
  51  4:44  Marine  
  51  4:45  SCV  
  54  4:49  Banshee  
  54  4:51  Marine  
  54  4:52  Marine  
  59  4:58  Supply Depot, SCV  
  59  4:59  SCV  
  61  5:02  Marine  
  61  5:07  Siege Tank  
  65  5:09  Marine  
  65  5:10  Supply Depot, SCV  
  65  5:11  SCV  
  68  5:15  Missile Turret  
  68  5:16  Marine  
  69  5:22  SCV  
  69  5:26  SCV  
  69  5:27  Marine  
  71  5:29  Marine x2  
  71  5:35  Supply Depot  
Tags
 
Add a new tag
Caveats
  • Supply blocks, unpowered buildings, or Contaminate may cause inaccurate times.
  • Supply counts are checked every 10 seconds.